Map: Taito Citadel LE

Players

Slyciii

  • Race: Protoss Protoss
  • League: Diamond
  • Spawn Location: 5:00

HoldTheDoor - Winner!

  • Race: Protoss Protoss
  • League: Diamond
  • Spawn Location: 11:00

VOD

Have the link to the VOD?

Description

Time

  • Played on: May 20, 2026, 12:14 p.m.
  • Length: 6:01
Show
View Real Time Build Order
Export as new Build Order

Slyciii Protoss 

Build Orders:  

Get SALT Encoding   

  12  0:02  Probe  
  13  0:14  Probe  
  13  0:18  Pylon  
  14  0:26  Probe  
  15  0:36  Gateway  
  15  0:37  Probe  
  16  0:47  Probe  
  16  0:50  Assimilator  
  17  1:01  Assimilator, Probe  
  18  1:09  Probe  
  19  1:23  Probe  
  19  1:25  Cybernetics Core  
  19  1:26  Pylon  
  20  1:35  Probe  
  21  1:47  Probe  
  22  1:59  Probe  
  23  2:02  Warp Gate, Gateway  
  23  2:11  Probe  
  24  2:21  Robotics Facility  
  24  2:24  Gateway  
  24  2:25  Probe  
  25  2:30  Stalker  
  25  2:37  Probe  
  28  2:51  Nexus, Stalker  
  27  3:00  Sentry  
  31  3:13  Pylon  
  31  3:23  Immortal  
  31  3:28  Pylon  
  31  3:31  Probe  
  36  3:39  Sentry  
  38  3:43  Probe  
  38  3:48  Shield Battery  
  39  3:55  Probe  
  39  4:02  Pylon, Observer  
  41  4:03  Stalker  
  41  4:07  Probe  
  44  4:12  Shield Battery  
  44  4:20  Probe  
  45  4:31  Stalker x2  
  49  4:32  Probe  
  49  4:38  Zealot  
  40  4:53  Shield Battery  
  40  4:55  Shield Battery  
  40  5:00  Pylon  
  40  5:01  Zealot  
  40  5:03  Immortal  
  38  5:10  Zealot x2  
  46  5:19  Zealot  
  47  5:39  Pylon  
  47  5:40  Pylon  
Show
View Real Time Build Order
Export as new Build Order

HoldTheDoor Protoss - Winner!

Build Orders:  

Get SALT Encoding   

  12  0:00  Probe  
  13  0:12  Probe  
  14  0:17  Pylon  
  14  0:23  Probe  
  15  0:32  Probe  
  15  0:38  Gateway  
  15  0:40  Probe  
  16  0:47  Assimilator  
  17  0:51  Probe  
  17  0:56  Assimilator  
  18  1:06  Probe  
  19  1:16  Gateway  
  19  1:18  Probe  
  20  1:29  Cybernetics Core  
  20  1:30  Probe  
  21  1:38  Pylon  
  21  1:42  Probe  
  22  1:55  Probe  
  23  2:04  Stalker  
  23  2:05  Warp Gate  
  23  2:07  Probe  
  26  2:08  Pylon  
  26  2:09  Stalker  
  28  2:21  Probe  
  29  2:35  Robotics Facility  
  29  3:05  Gateway  
  29  3:06  Stalker x2  
  29  3:08  Pylon  
  33  3:14  Shield Battery  
  33  3:20  Immortal  
  33  3:33  Pylon  
  37  3:46  Immortal  
  37  3:47  Shield Battery  
  37  3:58  Sentry  
  37  3:59  Stalker  
  45  4:06  Stalker  
  47  4:13  Pylon  
  47  4:21  Stalker  
  39  4:47  Stalker  
  39  4:48  Stalker x2  
  45  4:56  Shield Battery  
  45  5:12  Stalker x2  
  49  5:14  Immortal  
  49  5:24  Adept  
  55  5:35  Adept x2  
  59  5:46  Adept  
Tags
 
Matchup
PvP
Replay Pack
SC2Mai2026
Spawn Locations
Cross Positions
Add a new tag
Caveats
  • Supply blocks, unpowered buildings, or Contaminate may cause inaccurate times.
  • Supply counts are checked every 10 seconds.